 Dungeon Crawl Stone Soup version 0.25.0-1-g7eea58d (webtiles) character file.

Game seed: 9700667839261668847

216 jorbis the Skirmisher (level 5, -3/42 HPs)
             Began as a Demonspawn Berserker on June 24, 2020.
             Was a Believer of Trog.
             Slain by an ogre
             ... wielding a +0 giant spiked club
              (24 damage)
             ... on level 3 of the Dungeon on June 25, 2020.
             The game lasted 00:11:24 (3434 turns).

jorbis the Skirmisher (Demonspawn Berserker)        Turns: 3434, Time: 00:11:24

Health: -3/42      AC:  8    Str: 18    XL:     5   Next: 61%
Magic:  5/5        EV: 12    Int:  9    God:    Trog [**....]
Gold:   71         SH:  4    Dex: 18    Spells: 4/4 levels left

rFire    + . .     SeeInvis .   a - +0 falchion
rCold    + . .     Gourm    .   A - +0 buckler
rNeg     . . .     Faith    .   z - +0 troll leather armour {Purgy}
rPois    .         Spirit   .   p - +0 helmet
rElec    .         Reflect  .   u - scarf {rC+ rF+}
rCorr    +         Harm     .   x - +0 pair of gloves
MR       .....                  (no boots)
Stlth    +++.......             (no amulet)
HPRegen  0.54/turn              h - +6 ring of dexterity
MPRegen  0.09/turn              n - ring of resist corrosion

@: no status effects
A: claws 1, iridescent scales 1, nightstalker 1
a: Berserk, Trog's Hand, Renounce Religion


You were on level 3 of the Dungeon.
You worshipped Trog.
Trog was pleased with you.
You were hungry.

You visited 1 branch of the dungeon, and saw 3 of its levels.

You collected 71 gold pieces.

Inventory:

Hand Weapons
 a - a +0 falchion (weapon)
 v - a +0 hunting sling
Missiles
 b - 21 sling bullets
 e - 11 arrows
 j - 134 stones (quivered)
 y - 3 atropa-tipped darts
 B - 18 bolts
Armour
 p - a +0 helmet (worn)
 r - a +0 chain mail
 u - a scarf of resistance (worn)
 x - a +0 pair of gloves (worn)
 z - a +0 troll leather armour (worn) {Purgy}
 A - a +0 buckler (worn)
Jewellery
 h - a +6 ring of dexterity (left hand)
 n - a ring of resist corrosion (right hand)
 q - an uncursed ring of wizardry {unknown}
Scrolls
 f - a scroll of amnesia {unknown}
 g - a scroll of enchant armour {unknown}
 k - 7 scrolls of identify {unknown}
 l - 3 scrolls of teleportation {unknown}
 m - a scroll of remove curse {unknown}
 o - 2 scrolls of immolation {unknown}
 w - a scroll of magic mapping {unknown}
Potions
 d - 2 potions of ambrosia {unknown}
 i - a potion of degeneration {unknown}
 s - 2 potions of heal wounds {unknown}
 t - a potion of mutation {unknown}
Comestibles
 c - 3 rations


   Skills:
 * Level 4.3 Fighting
 * Level 3.7 Long Blades
 + Level 0.8 Slings
 + Level 2.4 Armour
 + Level 2.5 Dodging
 - Level 1.2 Stealth
 + Level 0.8 Shields


You had 4 spell levels left.
You didn't know any spells.
Your spell library was empty.

Dungeon Overview and Level Annotations

Branches:
Dungeon (3/15)

Altars:


Innate Abilities, Weirdness & Mutations

You have sharp fingernails.
You are partially covered in iridescent scales. (AC +2)
You are slightly more attuned to the shadows.


Message History

The ogre closely misses you.
You hit the ogre but do no damage.
The ogre is severely wounded.
The ogre hits you with a +0 giant spiked club!!
* * * LOW HITPOINT WARNING * * *
There is an open door here.
There is an open door here.
Quiver which item? (- for none, * to show all) (? for menu, Esc to quit)
Okay, then.
Throwing (i - inventory. (/) - cycle)
j - 135 stones (quivered)
Press: ? - help, Shift-Dir - straight line, f - ogre
Aim: an ogre, wielding a +0 giant spiked club (severely wounded)
You throw a stone.
The stone hits the ogre but does no damage.
The ogre is severely wounded.
You hit the ogre but do no damage.
The ogre is severely wounded.
The ogre hits you with a +0 giant spiked club!!
Ouch! That really hurt!
You die...

....#.##.#......# #.#
......##.#.###### #.#
...#..##.#.# #.#
...#..##.#.# #.#
...##.##.#.###### #.#
#####..#.#......# #.#
#####..#.#......# #.#
...##...........######.#
...##.#.......(O@......#
...##.#.........########
...'..##........#
...#####.#......#
......##...######
#####.###..#
#...#'###..#
#.#........#
#<#......#+######


You could see an ogre.

Vanquished Creatures
  Purgy (D:3)
  A worker ant (D:2)
  4 adders
  2 oozes (D:2)
  2 worms
  2 leopard geckos
  A ball python (D:3)
  3 bats
  4 giant cockroaches
  8 goblins
  3 hobgoblins (D:3)
  3 kobolds
  A quokka (D:2)
  4 frilled lizards
  4 rats
43 creatures vanquished.

Notes
Turn   | Place    | Note
-------+----------+-------------------------------------------
     0 | D:1      | jorbis the Demonspawn Berserker began the quest for the
                  | Orb.
     0 | D:1      | Reached XP level 1. HP: 18/18 MP: 1/1
   310 | D:1      | Gained mutation: You have sharp fingernails. [demonic
                  | ancestry]
   310 | D:1      | Reached XP level 2. HP: 24/24 MP: 2/2
   646 | D:2      | HP: 1/24 [adder (2)]
  1098 | D:2      | Gained mutation: You are slightly more attuned to the
                  | shadows. [demonic ancestry]
  1098 | D:2      | Reached XP level 3. HP: 27/29 MP: 3/3
  1751 | D:2      | Reached skill level 1 in Stealth
  1843 | D:2      | Reached XP level 4. HP: 31/37 MP: 4/4
  2604 | D:3      | Reached ** piety under Trog
  2972 | D:3      | Noticed Purgy
  3002 | D:3      | Killed Purgy
  3002 | D:3      | Reached skill level 4 in Fighting
  3002 | D:3      | Gained mutation: You are partially covered in iridescent
                  | scales. (AC +2) [demonic ancestry]
  3002 | D:3      | Reached XP level 5. HP: 20/42 MP: 5/5
  3332 | D:3      | Noticed an ogre
  3434 | D:3      | Slain by an ogre

Illustrated notes

Levels and vault maps discovered:
D:1:      kennysheep_arrival_seaside, layout_rooms,
          chequers_serial_rivers_room_b, item_on_display_a
D:2:      layout_basic, minmay_tall_x
D:3:      minmay_spotlight, layout_basic, uniq_purgy

Skill      XL: |  1  2  3  4 |
---------------+-------------+-----
Long Blades    | 3 |  3.7
Armour         | 2 |  2.4
Dodging        | 2 |  2.5
Stealth        | 1 |  1.2
Fighting       | 4 |  4.3
Slings         | |  0.8
Shields        | |  0.8

Action                   |  1- 3 |  4- 6 || total
-------------------------+-------+-------++-------
Melee: Falchion          |    86 |    67 ||   153
 Fire: Hunting sling     |       |    23 ||    23
Throw: Stone             |     8 |     1 ||     9
  Use: Potion            |     1 |       ||     1
 Stab: Sleeping          |     5 |       ||     5
  Eat: Chunk             |     3 |     4 ||     7
Armor: Animal skin       |     9 |       ||     9
       Chain mail        |       |    65 ||    65
       Ring mail         |       |     1 ||     1
Dodge: Dodged            |    52 |    41 ||    93
Block: Buckler           |       |    15 ||    15
       Rpst.: Falchion   |    22 |     6 ||    28
